 Dungeon Crawl Stone Soup version 0.26-a0-1126-g3318b609a0 (webtiles) character file.

Game seed: 7873650871092239728

125 kae the Insei (level 4, -2/37 HPs)
             Began as a Demonspawn Monk on Dec 17, 2020.
             Killed by divine providence
             ... invoked by an orc priest
              (11 damage)
             ... on level 3 of the Dungeon.
             The game lasted 00:01:14 (2305 turns).

kae the Insei (Demonspawn Monk)                     Turns: 2305, Time: 00:01:15

Health: -2/37      AC:  2    Str: 12    XL:     4   Next: 82%
Magic:  4/4        EV: 13    Int: 12    God:
Gold:   112        SH:  0    Dex: 15    Spells: 3/3 levels left

rFire    . . .     SeeInvis .     - Unarmed
rCold    . . .     Faith    .   (no shield)
rNeg     . . .     Spirit   .   a - +0 robe
rPois    .         Reflect  .   (helmet restricted)
rElec    .         Harm     .   (no cloak)
rCorr    .         Rampage  .   (no gloves)
Will     .....                  (no boots)
Stlth    ++........             (no amulet)
HPRegen  0.12/turn              (no ring)
MPRegen  0.09/turn              (no ring)

@: mighty
A: horns 1, spiny 1
a: no special abilities


You were on level 3 of the Dungeon.
You visited 1 branch of the dungeon, and saw 3 of its levels.

You collected 112 gold pieces.

Inventory:

Armour
 a - a +0 robe (worn)
Scrolls
 e - a scroll of noise
Potions
 h - a potion of brilliance {unknown}
 k - a potion of lignification {unknown}


   Skills:
 + Level 4.0 Fighting
 - Level 2.6 Dodging
 - Level 1.7 Stealth
 * Level 4.4 Unarmed Combat


You had 3 spell levels left.
You didn't know any spells.
Your spell library was empty.

Dungeon Overview and Level Annotations

Branches:
Dungeon (3/15)

Altars:
Yredelemnul

Annotations:
D:3 3 runed translucent doors, zkyp's ghost, weakling DgDe


Innate Abilities, Weirdness & Mutations

You have a pair of small horns on your head.
You are partially covered in sharp spines.


Message History

You hit the orc priest but do no damage.
The orc priest mumbles some strange prayers to Beogh against you.
Beogh smites you! The orc priest hits you with a +0 mace.
You are too injured to fight recklessly!
You are too injured to fight recklessly!
You are too injured to fight recklessly!
You are too injured to fight recklessly!
You are too injured to fight recklessly!
You are too injured to fight recklessly!
You punch the orc priest! Your headbutt misses the orc priest.
The orc priest is heavily wounded.
You feel very mighty all of a sudden.
The orc priest is struck by your spines.
The orc priest hits you with a +0 mace!
* * * LOW HITPOINT WARNING * * *
You barely miss the orc priest. You headbutt the orc priest.
The orc priest is severely wounded.
The orc priest invokes the aid of Beogh against you.
Beogh smites you!
You die...

# ...
#...o##########
....ooo@......#
#...#########.#
# #.# #.# ##.#
##+# #..# #
##...## #.##
#.## ##.....##
#.# ...#
##.......##
##.##


You could see 2 orc priests and 2 orcs.

Vanquished Creatures
  A worker ant (D:3)
  2 adders (D:2)
  4 gnolls (D:3)
  A dart slug (D:1)
  5 bats
  4 giant cockroaches (D:1)
  3 goblins
  3 hobgoblins
  6 jackals (D:2)
  3 kobolds
  A quokka (D:2)
  4 frilled lizards
  6 rats
43 creatures vanquished.

Notes
Turn   | Place    | Note
-------+----------+-------------------------------------------
     0 | D:1      | kae the Demonspawn Monk began the quest for the Orb.
     0 | D:1      | Reached XP level 1. HP: 18/18 MP: 1/1
   183 | D:1      | Gained mutation: You are partially covered in sharp spines.
                  | [demonic ancestry]
   183 | D:1      | Reached XP level 2. HP: 24/24 MP: 2/2
   749 | D:1      | Found a basalt altar of Yredelemnul.
   870 | D:2      | Gained mutation: You have a pair of small horns on your
                  | head. [demonic ancestry]
   870 | D:2      | Reached XP level 3. HP: 26/29 MP: 3/3
  1876 | D:3      | Reached XP level 4. HP: 30/37 MP: 4/4
  1984 | D:3      | Noticed zkyp's ghost (weakling DgDe)
  2010 | D:3      | Found a runed translucent gate.
  2010 | D:3      | Found a runed translucent gate.
  2010 | D:3      | Found a runed translucent gate.
  2305 | D:3      | Killed from afar by an orc priest

Illustrated notes

Levels and vault maps discovered:
D:1:      dpeg_arrival_lava_altar, layout_loops_ring
D:2:      minmay_evil_eye, layout_loops_ring
D:3:      layout_loops_corners, gammafunk_ghost_icy

Skill      XL: |  1  2  3  4 |
---------------+-------------+-----
Unarmed Combat | 3 4 |  4.4
Fighting       | 4 |  4.0
Dodging        | |  2.6
Stealth        | |  1.7

Action                   |  1- 3 |  4- 6 || total
-------------------------+-------+-------++-------
Melee: Unarmed           |   100 |    23 ||   123
       Headbutt          |     5 |     6 ||    11
       Punch             |     2 |       ||     2
  Use: Scroll            |     8 |       ||     8
       Potion            |       |     3 ||     3
 Stab: Sleeping          |     6 |       ||     6
       Distracted        |     1 |       ||     1
Armor: Robe              |    17 |     1 ||    18
Dodge: Dodged            |    64 |    17 ||    81

Table legend: (Time is in decaauts)
 A = Elapsed time spent in this place.
 B = Non-inter-level travel time spent in this place.
 C = Inter-level travel time spent in this place.
 D = Time resting spent in this place.
 E = Time spent auto-exploring this place.
 F = Levels seen in this place.
 G = Mean time per level.
                   A        B        C        D        E       F      G
               +--------+--------+--------+--------+--------+-----+--------+
         Total |   2295 |   2180 |    115 |    205 |   1696 |   3 |  765.0 |
       Dungeon |   2295 |   2180 |    115 |    205 |   1696 |   3 |  765.0 |
               +--------+--------+--------+--------+--------+-----+--------+

Top non-repeatable levels by time:
     D:2: 1063 daAuts
     D:1: 798 daAuts
     D:3: 433 daAuts
